 Dungeon Crawl Stone Soup version 0.30.1-11-g7821555f0a (webtiles) character file.

Game seed: 6959535878921832785

4 ChrisAssaf the Firebug (level 1, -1/7 HPs)
             Began as a Felid Fire Elementalist on Dec 20, 2023.
             Slain by a goblin
             ... wielding a +0 dagger
              (3 damage)
             ... on level 1 of the Dungeon.
             The game lasted 00:00:30 (26 turns).

ChrisAssaf the Firebug (Felid Fire Elementalist)      Turns: 26, Time: 00:00:31

Health: -1/7       AC:  1    Str:  4    XL:     1   Next: 50%
Magic:  1/4        EV: 17    Int: 16    God:
Gold:   0          SH:  0    Dex: 16    Spells: 3/4 levels left
                                        Lives:  0   Deaths: 0

rFire   . . .        (weapon unavailable)
rCold   . . .        (shield unavailable)
rNeg    . . .        (body armour unavailable)
rPois   .            (helmet unavailable)
rElec   .            (cloak unavailable)
rCorr   .            (gloves unavailable)
SInv    +            (boots unavailable)
Will    .....        (no amulet)
Stlth   +            (no ring)
HPRegen 0.21/turn    (no ring)
MPRegen 0.09/turn

%: no passive effects
@: very slightly contaminated, very slow
A: very small, claws 1, fangs 3, see invisible, speed 1, shaggy fur 1, stealthy
paws, no weapons or thrown items, no armour, multi-lived
a: no special abilities


You were on level 1 of the Dungeon.
You visited 1 branch of the dungeon, and saw 1 of its levels.

Inventory:

Potions
 a - a potion of magic


   Skills:
 * Level 0.2 Fighting
 * Level 2.7 Dodging
 * Level 2.7 Stealth
 * Level 2.0 Spellcasting
 * Level 0.9 Conjurations
 * Level 2.8 Fire Magic


You had 3 spell levels left.
You knew the following spells:

 Your Spells              Type           Power      Damage    Failure   Level
a - Foxfire               Conj/Fire      28%        2x1d5     10%         1

Your spell library contained the following spells:

 Spells                   Type           Power      Damage    Failure   Level
 Scorch                   Fire           20%        2d5       10%         2
 Inner Flame              Hex/Fire       6%         N/A       34%         3
 Volatile Blastmotes      Fire/Tloc      12%        2d11      34%         3
 Flame Wave               Conj/Fire      7%         2d5       67%         4


Dungeon Overview and Level Annotations

Branches:
Dungeon (1/15)

Altars:


Innate Abilities, Weirdness & Mutations

You have sharp claws.
You have razor-sharp teeth.
You have supernaturally acute eyesight. (SInv)
You cover ground quickly. (Speed+)
You are covered in fur. (AC +1)
Your paws help you pounce on unaware monsters.
You are incapable of wielding weapons or throwing items.
You cannot wear armour.
You gain extra lives every three experience levels.


Message History

The jackal is engulfed in a cloud of scalding steam.
You kill the jackal!
Unknown command.
There are no items here.
The jackal bites the plant.
Casting: Foxfire (safe; 10% risk of failure)
Press: ? - help, Q - select action Dir - look around, f - activate You conjure some foxfire!
The foxfire hits the jackal.
The jackal is moderately wounded.
The foxfire hits the jackal.
The jackal is severely wounded.
The jackal is engulfed in a cloud of scalding steam.
You kill the jackal!
The goblin hits the plant with a +0 dagger.
A nearby plant withers and dies.
The goblin closely misses you. The hobgoblin misses you.
You see here a jackal corpse.
The goblin hits you with a +0 dagger.
A rat comes into view.
The hobgoblin misses you.
You see here a jackal corpse.
The hobgoblin misses you. The hobgoblin barely misses you.
You scratch the plant.
The plant begins to die.
The plant is lightly damaged.
The goblin barely misses you. The hobgoblin hits you.
* * * LOW HITPOINT WARNING * * *
You scratch the plant.
The plant is lightly damaged.
The goblin completely misses you. The hobgoblin barely misses you.
You enter the shallow water.
Moving in this stuff is going to be slow.
A nearby plant withers and dies.
Casting: Foxfire (safe; 10% risk of failure)
Press: ? - help, Q - select action Dir - look around, f - activate You miscast Foxfire.
You are very lightly contaminated with residual magic.
Nothing appears to happen.
The goblin hits you with a +0 dagger.
You die...

..####..##..
#...........
#..).......^
#...........
#...........
#..........?
#.........#
###8'8###
##≈≈~.r@≈##
##~††..g~~≈##
##≈≈...8g.P~≈##
#≈~~.......~~≈#
#~P.8..<..8.P~#
#≈~~.......≈~~#
##~~P..8..P~≈##
##~≈~.P.~~~##
##≈≈~.~≈≈##


You could see a hobgoblin, a goblin and a rat.

Vanquished Creatures
  3 jackals (D:1)
3 creatures vanquished.

Vanquished Creatures (others)
  6 foxfires (D:1)
6 creatures vanquished.

Grand Total: 9 creatures vanquished

Notes
Turn   | Place    | Note
-------+----------+-------------------------------------------
     0 | D:1      | ChrisAssaf the Felid Fire Elementalist began the quest for
                  | the Orb.
     0 | D:1      | Reached XP level 1. HP: 7/7 MP: 4/4
    26 | D:1      | Slain by a goblin

Illustrated notes

Levels and vault maps discovered:
D:1:      lightli_arrival_statuegarden, layout_basic

Action                     || total
---------------------------++-------
  Melee: Unarmed           ||     2
   Cast: Foxfire           ||     3
  Dodge: Dodged            ||    10
